 Dungeon Crawl Stone Soup version 0.26-a0-651-gb41185065b (webtiles) character file.

Game seed: 10466173128604140187

4223 apati the Grappler (level 10, -5/94 HPs)
             Began as a Troll Berserker on Oct 5, 2020.
             Was an Elder of Trog.
             Slain by an ice beast (14 damage)
             ... summoned by Fannar
             ... on level 11 of the Dungeon.
             The game lasted 00:51:48 (4655 turns).

apati the Grappler (Troll Berserker)                Turns: 4655, Time: 00:51:48

Health: -5/94      AC:  7    Str: 30    XL:     10   Next: 9%
Magic:  9/9        EV: 17    Int:  3    God:    Trog [****..]
Gold:   141        SH:  0    Dex:  9    Spells: 9/9 levels left

rFire    . . .     SeeInvis .     - Unarmed
rCold    . . .     Faith    .   (no shield)
rNeg     . . .     Spirit   .   h - +1 robe
rPois    .         Reflect  .   (helmet restricted)
rElec    .         Harm     .   (no cloak)
rCorr    .         Rampage  .   (gloves unavailable)
MR       .....                  (boots unavailable)
Stlth    +.........             (no amulet)
HPRegen  0.65/turn              c - +4 ring of evasion
MPRegen  0.11/turn              (no ring)

@: berserk cooldown, slowed, very slow
A: large, unfitting armour, claws 3, regeneration 1, shaggy fur 1, tough skin 3
a: Berserk, Trog's Hand, Brothers in Arms, Renounce Religion


You were on level 11 of the Dungeon.
You worshipped Trog.
Trog was greatly pleased with you.
You visited 2 branches of the dungeon, and saw 12 of its levels.

You collected 261 gold pieces.
You spent 120 gold pieces at shops.

Inventory:

Hand Weapons
 a - a +1 short sword of venom
 k - a +3 hand axe
 p - a +0 dagger
Missiles
 e - 3 curare-tipped darts (quivered)
 j - 28 poisoned darts
Armour
 h - a +1 robe (worn)
 u - a +0 animal skin
Jewellery
 c - a +4 ring of evasion (left claw)
Wands
 g - a wand of iceblast (8)
 q - a wand of random effects (19)
Scrolls
 d - a scroll of amnesia
 f - 3 scrolls of remove curse
 l - a scroll of vulnerability {unknown}
 m - a scroll of teleportation
 r - a scroll of fog {unknown}
 t - 2 scrolls of identify
 v - a scroll of enchant armour {unknown}
Potions
 b - 3 potions of might {unknown}
 i - 3 potions of curing
 n - 2 potions of lignification
 o - a potion of stabbing {unknown}
 s - a potion of cancellation {unknown}
 w - a potion of flight {unknown}


   Skills:
 + Level 4.5 Fighting
   Level 2.3 Maces & Flails
 + Level 2.6 Throwing
 + Level 7.8 Dodging
 - Level 1.1 Stealth
 + Level 10.0 Unarmed Combat


You had 9 spell levels left.
You didn't know any spells.
Your spell library was empty.

Dungeon Overview and Level Annotations

Branches:
Dungeon (11/15)            Temple (1/1) D:4
   Lair: D:8-11         Orc: D:9-12

Altars:
Ashenzari
Cheibriados
Dithmenos
Gozag
Kikubaaqudgha
Nemelex Xobeh
Qazlal
Ru
Sif Muna
Trog
Vehumet
Wu Jian
Yredelemnul
Zin
The Shining One
Lugonu

Shops:
D:4 =   D:7 [   D:9 ?

Annotations:
D:11 Fannar


Innate Abilities, Weirdness & Mutations

You are too large for most types of armour.
You have claws for hands.
Your natural rate of healing is unusually fast.
You are covered in fur. (AC +1)
You have extremely tough skin. (AC +3)


Message History

You kill the yak!
Trog accepts your kill.
Your Unarmed Combat skill increases to level 10!
The orc priest calls down the wrath of Beogh upon you.
Pain shoots through your body! The ice beast hits you.
The ice beast freezes you!
* * * LOW HITPOINT WARNING * * *
You scratch the goblin.
You kill the goblin!
Trog accepts your kill. The orc priest misses you. The ice beast misses you.
The orc priest closely misses you. The ice beast hits you.
* * * LOW HITPOINT WARNING * * *
The ice beast freezes you!
* * * LOW HITPOINT WARNING * * *
The orc priest misses you. The orc priest misses you. The ice beast hits you.
* * * LOW HITPOINT WARNING * * *
The ice beast freezes you!
You die...

##.# ... ..#
.W# #Y# #Y# #e#
## #Y# .. ###@#
#
###.#ooo###.###
......ooY......
.......o.......
.....##[)......
#.... #....##..
#... .....# !
.... ........
... ..)....(...


You could see Fannar (icy armour), a yak, a phantom, 2 ice beasts, a sky beast,
3 orc priests and 3 orcs.

Vanquished Creatures
  A troll (D:9)
  Grinder (D:5)
  5 yaks (D:11)
  A warg (D:11)
  A water moccasin (D:9)
  2 orc warriors (D:10)
  3 sky beasts
  2 ice beasts
  A hornet zombie (D:9)
  An ogre (D:5)
  A centaur (D:7)
  A crocodile (D:11)
  Blork the orc (D:5)
  3 bullfrogs
  A gnoll sergeant (D:7)
  3 scorpions
  6 killer bees (D:7)
  5 wights (D:7)
  2 howler monkeys (D:7)
  A hound (D:5)
  3 jellies
  A centaur skeleton (D:10)
  5 orc priests
  7 orc wizards
  2 iguanas
  2 worker ants
  A hound zombie (D:7)
  A howler monkey zombie (D:7)
  10 gnolls
  9 adders
  2 shadow imps
  2 white imps
  3 ufetubi
  A worm (D:4)
  4 leopard geckos
  19 orcs
  4 goblins
  2 jackals (D:10)
  2 kobolds
  3 quokkas
  A ball python (D:3)
  A bat (D:3)
  2 frilled lizards (D:4)
  A quokka skeleton (D:9)
  7 rats
137 creatures vanquished.

Vanquished Creatures (others)
  2 demonic plants (Temple)
  A plant (D:7)
  7 withered plants (D:3)
10 creatures vanquished.

Grand Total: 147 creatures vanquished

Notes
Turn   | Place    | Note
-------+----------+-------------------------------------------
     0 | D:1      | apati the Troll Berserker began the quest for the Orb.
     0 | D:1      | Reached XP level 1. HP: 22/22 MP: 0/0
   171 | D:1      | Reached XP level 2. HP: 29/29 MP: 1/1
   440 | D:3      | Found an ancient bone altar of Kikubaaqudgha.
   446 | D:3      | Reached XP level 3. HP: 36/36 MP: 2/2
   489 | D:3      | Reached XP level 4. HP: 20/45 MP: 3/3
   598 | D:3      | Reached skill level 4 in Unarmed Combat
   742 | D:3      | Reached ** piety under Trog
   906 | D:3      | Reached XP level 5. HP: 45/53 MP: 4/4
  1168 | D:4      | Found Iroxkatu's Jewellery Shop.
  1297 | D:4      | Found a staircase to the Ecumenical Temple.
  1323 | Temple   | Entered the Ecumenical Temple
  1538 | D:5      | Entered Level 5 of the Dungeon
  1540 | D:5      | Noticed an ogre
  1548 | D:5      | Killed an ogre
  1549 | D:5      | Reached XP level 6. HP: 61/61 MP: 5/5
  1562 | D:5      | Noticed an ice beast
  1565 | D:5      | Reached skill level 5 in Unarmed Combat
  1568 | D:5      | Killed an ice beast
  1631 | D:5      | Reached XP level 7. HP: 57/67 MP: 6/6
  1770 | D:5      | Noticed Grinder
  1774 | D:5      | Paralysed by Grinder for 5 turns
  1818 | D:5      | Paralysed by Grinder for 4 turns
  1826 | D:5      | Killed Grinder
  1826 | D:5      | Reached skill level 1 in Maces & Flails
  1826 | D:5      | Reached skill level 1 in Throwing
  1826 | D:5      | Reached skill level 5 in Dodging
  2370 | D:6      | Reached skill level 6 in Unarmed Combat
  2378 | D:6      | Reached XP level 8. HP: 47/78 MP: 7/7
  2547 | D:5      | Noticed Blork the orc
  2554 | D:5      | Killed Blork the orc
  2825 | D:7      | Found an opulent altar of Gozag.
  2827 | D:7      | Found a basalt altar of Yredelemnul.
  2849 | D:7      | Found a glowing silver altar of Zin.
  2866 | D:7      | Found a broken altar of Ashenzari.
  2916 | D:7      | Found a glowing golden altar of the Shining One.
  2917 | D:7      | Found a stormy altar of Qazlal.
  3093 | D:7      | Found Maptexud's Antique Armour Emporium.
  3123 | D:7      | Reached *** piety under Trog
  3123 | D:7      | Reached skill level 1 in Stealth
  3513 | D:7      | Found a broken altar of Ashenzari.
  3525 | D:7      | Reached skill level 7 in Unarmed Combat
  3543 | D:7      | Reached XP level 9. HP: 84/84 MP: 8/8
  4068 | D:9      | Found Afiecr Kiez's Magic Scroll Shop.
  4091 | D:9      | Bought a scroll of remove curse for 45 gold pieces
  4091 | D:9      | Bought a scroll of remove curse for 45 gold pieces
  4091 | D:9      | Bought a scroll of identify for 30 gold pieces
  4111 | D:9      | Reached skill level 8 in Unarmed Combat
  4191 | D:9      | Noticed a troll
  4207 | D:9      | Killed a troll
  4299 | D:9      | Found a bloodstained altar of Trog.
  4346 | D:10     | Entered Level 10 of the Dungeon
  4366 | D:10     | Reached **** piety under Trog
  4390 | D:10     | Reached skill level 9 in Unarmed Combat
  4619 | D:11     | Noticed Fannar
  4640 | D:11     | Reached XP level 10. HP: 54/94 MP: 9/9
  4653 | D:11     | Reached skill level 10 in Unarmed Combat
  4655 | D:11     | Slain by an ice beast

Illustrated notes

Levels and vault maps discovered:
D:1:      dpeg_arrival_leaves_temple_mockup, layout_rooms
D:2:      layout_loops_ring, nicolae_overflow_crystal_walls, minmay_rat_hole
D:3:      layout_rooms, kiku_gazebo_garden_becter
D:4:      cheibrodos_thug_alley, layout_basic, regret_index_temple_of_mockery,
          overflow_temple_1_default, okawaru_metal_pillars_1_2,
          lemuel_doored_altar, makhleb_blood_cavern_becter, temple_hall,
          serial_shops, nicolae_shop_crystal
D:5:      layout_loops_ring, uniq_grinder, uniq_blork_the_orc
D:6:      kennysheep_spiral_hall, layout_loops_ring, serial_rivers,
          chequers_serial_rivers_large_a, chequers_serial_rivers_micro_a,
          chequers_serial_rivers_micro_b, chequers_serial_rivers_small_b,
          chequers_serial_rivers_micro_a, chequers_serial_rivers_micro_a,
          chequers_serial_rivers_micro_e, uniq_sigmund
D:7:      layout_rooms, ashenzari_conservatory_becter,
          grunt_temple_overflow_open, serial_shops,
          nicolae_shop_overgrown_old_shop, evilmike_ruin_ashenzari
D:8:      layout_gridville, serial_shops, nicolae_shop_stone, basic_altar
D:9:      layout_cave_pools, bloody_trog, serial_shops, shop
D:10:     layout_loops_cross, serial_shops, nicolae_shop_statue_plus
D:11:     layout_basic, lair_entry_dummy, erik_orc_4, uniq_fannar, uniq_harold
Temple:   corrupted_temple

Skill      XL: |  1  2  3  4  5  6  7  8  9 10 |
---------------+-------------------------------+-----
Fighting       | 3 4 |  4.5
Dodging        | 3 4 5 6 7 |  7.8
Unarmed Combat | 4 5 6 7 9 10 | 10.0
Maces & Flails | 2 |  2.3
Throwing       | 1 2 |  2.6
Stealth        | 1 |  1.1

Action                   |  1- 3 |  4- 6 |  7- 9 | 10-12 || total
-------------------------+-------+-------+-------+-------++-------
Melee: Unarmed           |    78 |    97 |   243 |    13 ||   431
       Punch             |       |     3 |    11 |       ||    14
       Mace              |       |    12 |    90 |       ||   102
Throw: Dart              |       |     6 |    15 |       ||    21
Invok: Berserk           |     3 |     2 |    14 |       ||    19
       Trog's Hand       |       |       |     3 |       ||     3
  Use: Scroll            |     1 |     6 |     2 |       ||     9
       Potion            |       |       |     2 |       ||     2
Armor: Animal skin       |    55 |    25 |    30 |       ||   110
       Robe              |       |       |    55 |     7 ||    62
Dodge: Dodged            |   113 |    94 |   350 |    26 ||   583

Table legend: (Time is in decaauts)
 A = Elapsed time spent in this place.
 B = Non-inter-level travel time spent in this place.
 C = Inter-level travel time spent in this place.
 D = Time resting spent in this place.
 E = Time spent auto-exploring this place.
 F = Levels seen in this place.
 G = Mean time per level.
                   A        B        C        D        E       F      G
               +--------+--------+--------+--------+--------+-----+--------+
         Total |   4809 |   4715 |     94 |   1327 |    127 |  12 |  400.8 |
       Dungeon |   4651 |   4557 |     94 |   1327 |    127 |  11 |  422.8 |
        Temple |    158 |    158 |      0 |      0 |      0 |   1 |  158.0 |
               +--------+--------+--------+--------+--------+-----+--------+

Top non-repeatable levels by time:
     D:7: 1087 daAuts
     D:5: 977 daAuts
     D:3: 736 daAuts
     D:6: 305 daAuts
     D:4: 288 daAuts
     D:9: 287 daAuts
     D:1: 280 daAuts
     D:8: 268 daAuts
    D:10: 265 daAuts
  Temple: 158 daAuts
     D:2: 99 daAuts
    D:11: 54 daAuts
